 Dungeon Crawl Stone Soup version 0.25.1-2-g60ff931df9 (webtiles) character file.

Game seed: 8728463154135883130

375 sankara the Covered (level 7, 0/69 HPs)
             Began as a Halfling Fighter on Sept 10, 2020.
             Was an Initiate of Gozag.
             Slain by a jackal (1 damage)
             ... on level 4 of the Dungeon.
             The game lasted 00:07:34 (3286 turns).

sankara the Covered (Halfling Fighter)              Turns: 3286, Time: 00:07:35

Health: 0/69       AC:  8    Str: 15 (17) XL:     7   Next: 3%
Magic:  7/7        EV: 10    Int:  4 (7)  God:    Gozag
Gold:   183        SH:  9    Dex: 13 (15) Spells: 6/6 levels left

rFire    . . .     SeeInvis .   a - +0 long sword
rCold    + . .     Gourm    .   c - +0 kite shield
rNeg     . . .     Faith    .   o - +1 scale mail {rC+}
rPois    .         Spirit   .   (no helmet)
rElec    .         Reflect  .   (no cloak)
rCorr    .         Harm     .   (no gloves)
MR       .....                  (no boots)
Stlth    ..........             (no amulet)
HPRegen  0.21/turn              (no ring)
MPRegen  0.10/turn              (no ring)

@: berserking, lethally poisoned (0 -> -3), gold aura, very quick
A: small, mutation resistance 1
a: Potion Petition, Call Merchant, Bribe Branch, Renounce Religion


You were on level 4 of the Dungeon.
You worshipped Gozag.
Gozag was aware of your devotion.
You were very hungry.

You visited 1 branch of the dungeon, and saw 4 of its levels.

You collected 251 gold pieces.
You paid 68 gold pieces to Gozag.

Inventory:

Hand Weapons
 a - a +0 long sword (weapon)
 b - a +0 hunting sling
Missiles
 g - 21 sling bullets
 h - 199 stones (quivered)
 p - 14 poisoned darts
 u - 2 boomerangs
Armour
 c - a +0 kite shield (worn)
 i - a +2 robe of fire resistance
 o - a +1 scale mail of cold resistance (worn)
 q - a +0 scale mail
Scrolls
 e - a scroll of remove curse
 l - a scroll of magic mapping {unknown}
 r - a scroll of fog {unknown}
 v - a scroll of identify
 w - a scroll of random uselessness {unknown}
Potions
 d - a potion of might
 k - 2 potions of degeneration
 m - 3 potions of lignification
 s - a potion of heal wounds {unknown}
 t - a potion of stabbing {unknown}
Comestibles
 f - 2 rations


   Skills:
 + Level 3.6 Fighting
 * Level 4.2 Long Blades
 + Level 1.0 Slings
 + Level 4.4 Armour
 + Level 2.6 Dodging
 + Level 4.3 Shields


You had 6 spell levels left.
You didn't know any spells.
Your spell library was empty.

Dungeon Overview and Level Annotations

Branches:
Dungeon (4/15)
 Temple: D:4-7

Altars:
Cheibriados
Gozag
Kikubaaqudgha
Yredelemnul

Shops:
D:3 *


Innate Abilities, Weirdness & Mutations

You are small and have problems with some larger weapons.
You are somewhat resistant to further mutation.


Message History

* * * LOW HITPOINT WARNING * * *
You feel sick. The scorpion completely misses you.
You slash the scorpion!
You kill the scorpion!
Your Slings skill increases to level 1!
You have reached level 7!
* * * LOW HITPOINT WARNING * * *
You feel sick.
Your shield and scale mail prevent you from hitting the jackal.
You block the jackal's attack. The jackal closely misses you.
Your shield and scale mail prevent you from hitting the jackal.
* * * LOW HITPOINT WARNING * * *
You feel sick.
The jackal bites you but does no damage.
You closely miss the jackal. The jackal barely misses you.
Your shield and scale mail prevent you from hitting the jackal.
* * * LOW HITPOINT WARNING * * *
You feel sick. The jackal bites you.
You die...
Your body crumbles into a pile of gold.

# .. #$ .### +..
... #.#.###+#.# $
..#......<..###
......##......#...
##.$...........
#..$###h##.##.
#...###@#
###.....# #...####
$ #.#.#####.##
#...<....... $
############


You could see a jackal.

Vanquished Creatures
  Sigmund (D:2)
  A scorpion (D:4)
  An orc priest (D:3)
  7 adders
  2 oozes
  A worm (D:2)
  A dart slug (D:2)
  4 leopard geckos
  4 orcs
  9 bats
  2 giant cockroaches
  5 goblins
  6 hobgoblins
  9 jackals
  9 kobolds
  A quokka (D:4)
  A ball python (D:2)
  3 frilled lizards
  3 rats
70 creatures vanquished.

Notes
Turn   | Place    | Note
-------+----------+-------------------------------------------
     0 | D:1      | sankara the Halfling Fighter began the quest for the Orb.
     0 | D:1      | Reached XP level 1. HP: 15/15 MP: 1/1
   201 | D:1      | Reached XP level 2. HP: 20/20 MP: 2/2
   470 | D:1      | Reached XP level 3. HP: 25/25 MP: 3/3
   979 | D:2      | Noticed Sigmund
   989 | D:1      | Reached skill level 1 in Dodging
  1042 | D:2      | Killed Sigmund
  1042 | D:2      | Reached XP level 4. HP: 9/31 MP: 4/4
  1042 | D:2      | Reached XP level 5. HP: 11/36 MP: 5/5
  1042 | D:2      | Reached XP level 6. HP: 13/42 MP: 6/6
  2855 | D:3      | Found an opulent altar of Gozag.
  2859 | D:3      | Found Gozag's Platinum Reserve.
  2881 | D:3      | Became a worshipper of Gozag Ym Sagoz the Greedy
  3004 | D:3      | Found an ancient bone altar of Kikubaaqudgha.
  3004 | D:3      | Found a snail-covered altar of Cheibriados.
  3023 | D:3      | Found a faded altar of an unknown god.
  3026 | D:3      | Found a basalt altar of Yredelemnul.
  3027 | D:3      | Found a faded altar of an unknown god.
  3281 | D:4      | HP: 3/63 [poisoned by a scorpion]
  3282 | D:4      | Reached skill level 1 in Slings
  3282 | D:4      | Reached XP level 7. HP: 3/46 MP: 7/7
  3286 | D:4      | HP: 1/69 [poisoned by a scorpion]
  3286 | D:4      | Slain by a jackal

Illustrated notes

Levels and vault maps discovered:
D:1:      dpeg_arrival_erosion, layout_loops_ring
D:2:      layout_loops_cross, uniq_sigmund
D:3:      layout_rooms, chequers_temple_overflow_minitemple,
          nicolae_gozag_zags_fifth_avenue, minmay_misc_feat_ornament
D:4:      layout_basic, first_ration

Skill      XL: |  1  2  3  4  5  6 |
---------------+-------------------+-----
Dodging        | 2 |  2.6
Fighting       | 3 |  3.6
Long Blades    | 3 4 |  4.2
Armour         | 4 |  4.4
Shields        | 4 |  4.3
Slings         | 1 |  1.0

Action                   |  1- 3 |  4- 6 |  7- 9 || total
-------------------------+-------+-------+-------++-------
Melee: Long sword        |    90 |   205 |     4 ||   299
  Use: Potion            |     1 |     4 |       ||     5
       Scroll            |       |     3 |       ||     3
  Eat: Chunk             |     1 |     6 |       ||     7
Armor: Scale mail        |    38 |    69 |     1 ||   108
       Skin              |       |    12 |       ||    12
Dodge: Dodged            |    36 |    91 |     2 ||   129
Block: Kite shield       |    54 |   129 |     1 ||   184
       Rpst.: Long sword |    10 |    26 |       ||    36
